Construct Section Command Post
Construct Platoon Command Post
Construct Platoon Command Post
Construct Field Infirmary
Selects Air and Sea Battlegroup
Selects Commando Section Paradrop
Commando Section Paradrop
Construct Platoon Command Post
6-pounder Anti-tank Gun Team
Commando Section Paradrop
6-pounder Anti-tank Gun Team
Construct Company Command Post
Selects Centaur Medium Tank
6-pounder Anti-tank Gun Team
Selects Commando LMG Section Paradrop
Selects Anti-tank Rocket Loiter
Unlock Bishop Self-propelled Artillery
Bishop Self-propelled Artillery
Unlock M3 Grant Medium Tanks